Map: Автоматон РВ

Players

Murena

  • Race: Terran Terran
  • Spawn Location: 9:00

ИИ 1 (эксперт) - Winner!

  • Race: Protoss Protoss
  • Spawn Location: 3:00

VOD

Have the link to the VOD?

Description

Time

  • Played on: April 13, 2019, 12:33 p.m.
  • Length: 5:28
Show
View Real Time Build Order
Export as new Build Order

Murena Terran 

Build Orders:  

Get SALT Encoding   

  12  0:01  SCV  
  13  0:13  SCV  
  14  0:22  Supply Depot  
  14  0:26  SCV  
  15  0:44  SCV  
  15  0:45  Barracks  
  16  0:55  Barracks  
  16  0:57  SCV  
  17  1:08  Refinery  
  17  1:11  SCV  
  18  1:24  SCV, Barracks  
  19  1:34  Supply Depot  
  19  1:37  Marine  
  20  1:42  Marine  
  21  1:49  SCV  
  22  1:57  Marine  
  22  2:01  Marine  
  24  2:05  Orbital Command  
  24  2:11  Barracks Tech Lab  
  24  2:15  Marine  
  24  2:20  Marine  
  26  2:28  Supply Depot  
  26  2:33  Marine  
  26  2:35  Combat Shield  
  27  2:37  Marine  
  27  2:39  Barracks Reactor  
  28  2:52  Marine  
  28  2:55  Marine  
  30  3:08  Engineering Bay  
  30  3:11  SCV  
  31  3:13  Marine, Refinery  
  31  3:15  Barracks Reactor  
  31  3:16  Marine x2  
  34  3:26  Supply Depot  
  34  3:28  SCV  
  35  3:34  Marine  
  35  3:36  Marine x2  
  38  3:45  SCV  
  39  3:48  Engineering Bay  
  39  3:51  Marine  
  39  3:52  Marine  
  39  3:54  Marine  
  39  3:55  Marine  
  43  3:57  Marine  
  44  4:12  SCV  
  44  4:13  Marine x2  
  47  5:06  Marine  
Show
View Real Time Build Order
Export as new Build Order

ИИ 1 (эксперт) Protoss - Winner!

Build Orders:  

Get SALT Encoding   

  12  0:00  Probe  
  13  0:13  Probe  
  14  0:21  Pylon  
  14  0:25  Probe  
  15  0:35  Probe  
  16  0:43  Probe  
  16  0:49  Assimilator  
  17  0:51  Gateway  
  17  0:53  Probe  
  18  1:01  Probe  
  18  1:02  Pylon  
  18  1:09  Probe  
  20  1:20  Probe  
  21  1:32  Probe  
  22  1:40  Zealot  
  22  1:44  Probe  
  25  1:50  Nexus  
  25  2:00  Probe  
  25  2:02  Cybernetics Core  
  26  2:08  Probe  
  27  2:17  Probe  
  28  2:27  Warp Gate  
  28  2:29  Probe, Pylon  
  29  2:38  Stalker  
  29  2:39  Gateway  
  29  2:43  Assimilator  
  31  2:47  Probe  
  32  2:59  Probe, Adept  
  32  3:01  Pylon  
  32  3:02  Probe  
  36  3:13  Probe  
  36  3:16  Probe  
  38  3:25  Robotics Facility  
  38  3:27  Adept  
  38  3:28  Adept  
  38  3:30  Probe  
  38  3:32  Probe  
  44  3:43  Probe  
  44  3:45  Probe  
  46  3:55  Probe, Pylon  
  47  3:57  Probe, Adept  
  47  3:58  Adept  
  52  4:06  Probe  
  52  4:07  Probe  
  54  4:15  Probe, Immortal  
  58  4:19  Probe  
  58  4:20  Pylon  
  60  4:25  Probe  
  62  4:31  Probe  
  62  4:35  Robotics Facility, Stalker  
  62  4:36  Stalker  
  66  4:47  Probe  
  66  4:49  Probe  
  68  4:56  Pylon  
  68  4:58  Stalker  
  68  4:59  Pylon  
  74  5:04  Stalker  
  66  5:21  Adept x2  
  68  5:23  Twilight Council  
Tags
 
Add a new tag
Caveats
  • Supply blocks, unpowered buildings, or Contaminate may cause inaccurate times.
  • Supply counts are checked every 10 seconds.